 Dungeon Crawl Stone Soup version 0.21-a0-273-g0785366 (webtiles) character file.

40 nikopol the Firebug (level 3, -1/19 HPs)
             Began as a Deep Elf Fire Elementalist on Sept 17, 2017.
             Slain by a worm (9 damage)
             ... on level 2 of the Dungeon.
             The game lasted 00:10:32 (1933 turns).

nikopol the Firebug (Deep Elf Fire Elementalist)    Turns: 1933, Time: 00:10:32

Health: -1/19      AC:  2    Str:  5    XL:     3   Next: 30%
Magic:  4/9        EV: 13    Int: 20    God:
Gold:   50         SH:  0    Dex: 15    Spells: 2/8 levels left

rFire    . . .     SeeInvis .   d - +0 dagger
rCold    . . .     Gourm    .   (no shield)
rNeg     . . .     Faith    .   a - +0 robe
rPois    .         Spirit   .   (no helmet)
rElec    .         Reflect  .   (no cloak)
rCorr    .         Harm     .   (no gloves)
MR       .....                  (no boots)
Stlth    ++........             (no amulet)
HPRegen  0.06/turn              (no ring)
MPRegen  0.11/turn              (no ring)

@: very slightly contaminated
A: no striking features
a: no special abilities


You were on level 2 of the Dungeon.
You were very hungry.

You visited 1 branch of the dungeon, and saw 2 of its levels.

You collected 50 gold pieces.

Inventory:

Hand Weapons
 d - a +0 dagger (weapon)
Armour
 a - a +0 robe (worn)
Scrolls
 g - a scroll of teleportation {unknown}
Potions
 e - a potion of lignification {unknown}
 h - a potion of haste {unknown}
 i - a potion of flight {unknown}
 j - a potion of ambrosia {unknown}
Books
 b - a book of Flames

   Spells                             Type                      Level
   a - Flame Tongue                   Conjuration/Fire             1
   b - Throw Flame                    Conjuration/Fire             2
   c - Conjure Flame                  Conjuration/Fire             3
   d - Inner Flame                    Hexes/Fire                   3
   e - Sticky Flame                   Conjuration/Fire             4
   f - Fireball                       Conjuration/Fire             5
Comestibles
 c - a bread ration
 f - a chunk of flesh


   Skills:
 + Level 2.6 Dodging
 + Level 2.9 Stealth
 + Level 3.4 Spellcasting
 + Level 1.3 Conjurations
 + Level 4.2 Fire Magic


You had 2 spell levels left.
You knew the following spells:

 Your Spells              Type           Power        Failure   Level  Hunger
a - Flame Tongue          Conj/Fire      ##...        4%          1    None
b - Throw Flame           Conj/Fire      ##....       7%          2    ##.....
c - Conjure Flame         Conj/Fire      ##......     13%         3    ###....


Dungeon Overview and Level Annotations

Branches:
Dungeon (2/15)

Altars:
Ashenzari
Xom

Annotations:
D:2 Sigmund


Message History

The flame tongue hits the worm.
The worm is moderately wounded.
Casting: Flame Tongue
Confirm with . or Enter, or press ? or * to list all spells.
Aiming: Flame Tongue
Press: ? - help, Shift-Dir - straight line, f/p - worm
Aim: a worm (moderately wounded)
The flame tongue hits the worm.
The worm is severely wounded.
The worm bites you!
Ouch! That really hurt!
Casting: Flame Tongue
Confirm with . or Enter, or press ? or * to list all spells.
Aiming: Flame Tongue
Press: ? - help, Shift-Dir - straight line, f/p - worm
Aim: a worm (severely wounded)
The flame tongue hits the worm.
The worm is almost dead.
The worm bites you!
You die...

.####..##..####...........
#...............####.#
###.##...##>##.##.####.#
........##.##..........
###.#....##...###.#..)..
............#.###.####.#
#...............# #.#
####..###.####### #.# #.@#
#.# #.# #.w# #.# #.# #..#
#.# #. ...# #.# #.# .....
... ... ###..# #.# ###
#..# #.# ####


You could see a worm.

Vanquished Creatures
  An ooze (D:1)
  2 worms (D:2)
  A dart slug (D:1)
  A hobgoblin (D:1)
  6 bats
  2 frilled lizards (D:1)
  6 goblins
  7 kobolds
  2 rats (D:1)
28 creatures vanquished.

Notes
Turn   | Place    | Note
-------+----------+-------------------------------------------
     0 | D:1      | nikopol the Deep Elf Fire Elementalist began the quest for the Orb.
     0 | D:1      | Reached XP level 1. HP: 10/10 MP: 6/6
    90 | D:1      | Reached XP level 2. HP: 4/15 MP: 0/8
   313 | D:1      | Learned a level 2 spell: Throw Flame
   539 | D:1      | Found a shattered altar of Ashenzari.
   586 | D:1      | Reached skill level 4 in Fire Magic
   940 | D:2      | Noticed Sigmund
  1058 | D:2      | Reached XP level 3. HP: 19/19 MP: 7/9
  1091 | D:2      | Found a shimmering altar of Xom.
  1603 | D:2      | Learned a level 3 spell: Conjure Flame
  1933 | D:2      | Slain by a worm

Vault maps used:
D:1:      dpeg_arrival_leaves_temple_mockup, evilmike_ruin_ashenzari
D:2:      xom_teletrap_fun, uniq_sigmund

Skill      XL: |  1  2 |
---------------+-------+-----
Fire Magic     | 4 |  4.2
Dodging        | |  2.6
Stealth        | |  2.9
Spellcasting   | |  3.4
Conjurations   | |  1.3

Action                   || total
-------------------------++-------
Melee: Dagger            ||     3
 Cast: Flame Tongue      ||    59
       Throw Flame       ||     3
       Conjure Flame     ||     1
 Stab: Sleeping          ||     1
  Eat: Royal jelly       ||     1
Armor: Robe              ||     3
Dodge: Dodged            ||    11

Table legend:
 A = Spawn XP
 B = Non-spawn XP
 C = Spawn XP percentage of total XP
 D = Spawn monster count
 E = Non-spawn monster count
 F = Spawn count percentage of total count
 G = Total turns spent on level
                    A         B        C        D         E        F      G
               +---------+---------+-------+---------+---------+-------+---------
         Total |       0 |      58 |   0.0 |       0 |      28 |   0.0 |  1933
               +---------+---------+-------+---------+---------+-------+---------
           D:1 |       0 |      39 |   0.0 |       0 |      20 |   0.0 |  1167
           D:2 |       0 |      19 |   0.0 |       0 |       8 |   0.0 |   766
               +---------+---------+-------+---------+---------+-------+---------
